 Dungeon Crawl Stone Soup version 0.21.1-1-g345015fe64 (webtiles) character file.

3889 Fascinator the Skirmisher (level 10, -3/80 HPs)
             Began as a Mummy Fighter on Feb 5, 2018.
             Was an Elder of Okawaru.
             Slain by a cyan ugly thing (5 damage)
             ... on level 9 of the Dungeon.
             The game lasted 00:25:36 (8697 turns).

Fascinator the Skirmisher (Mummy Fighter)           Turns: 8697, Time: 00:25:37

Health: -3/80      AC: 14    Str: 25    XL:     10   Next: 0%
Magic:  10/10      EV:  6    Int:  8    God:    Okawaru [****..]
Gold:   493        SH: 11    Dex: 11    Spells: 9/9 levels left

rFire    x . .     SeeInvis .   a - +0 war axe
rCold    + + .     Gourm    .   c - +0 shield
rNeg     + + +     Faith    .   j - +2 chain mail {rC+}
rPois    ∞         Spirit   .   E - +0 helmet
rElec    .         Reflect  .   C - +0 cloak
rCorr    .         Harm     .   (no gloves)
MR       ++...                  (no boots)
Stlth    ..........             z - amulet of regeneration
HPRegen  0.63/turn              e - +2 ring of strength
MPRegen  0.12/turn              x - ring of protection from magic

@: no status effects
A: no food or potions, fire vulnerability, cold resistance 1, negative energy
resistance 3, torment resistance, unbreathing
a: Heroism, Renounce Religion


You were on level 9 of the Dungeon.
You worshipped Okawaru.
Okawaru was greatly pleased with you.
You were not hungry.

You visited 2 branches of the dungeon, and saw 10 of its levels.

You collected 493 gold pieces.

Inventory:

Hand Weapons
 a - a +0 war axe (weapon)
Armour
 b - a +0 scale mail
 c - a +0 shield (worn)
 f - a +2 ring mail of magic resistance
 j - a +2 chain mail of cold resistance (worn)
 C - a +0 cloak (worn)
 E - a +0 helmet (worn)
Jewellery
 e - a +2 ring of strength (left hand)
 q - an uncursed ring of resist corrosion
 u - an uncursed amulet of magic regeneration
 x - a ring of protection from magic (right hand)
 z - an amulet of regeneration (around neck)
 A - a +2 ring of intelligence
 F - a +2 ring of evasion
Wands
 k - a wand of digging (18)
 o - a wand of enslavement (21)
 w - a wand of random effects (64)
Scrolls
 d - 5 scrolls of remove curse {unknown}
 g - 11 scrolls of identify
 h - 3 scrolls of random uselessness {unknown}
 i - 6 scrolls of teleportation {unknown}
 l - 2 scrolls of fear {unknown}
 m - 2 scrolls of noise {unknown}
 n - 2 scrolls of enchant armour {unknown}
 p - 2 scrolls of blinking {unknown}
 r - 3 scrolls of enchant weapon {unknown}
 s - a scroll of fog {unknown}
 t - 3 scrolls of magic mapping {unknown}
 v - a scroll of amnesia {unknown}
 B - 2 scrolls of immolation {unknown}
Books
 y - the Handbook of Warped Cold
   (You found it on level 7 of the Dungeon)

   Spells                             Type                      Level
   a - Freeze                         Ice                          1
   b - Portal Projectile              Hexes/Translocation          3
   c - Force Lance                    Conjuration/Translocation    4
   d - Bolt of Cold                   Conjuration/Ice              6
   e - Ozocubu's Refrigeration        Ice                          6


   Skills:
 + Level 7.7 Fighting
 + Level 6.3 Axes
 + Level 6.4 Armour
 - Level 0.2 Dodging
 + Level 6.5 Shields


You had 9 spell levels left.
You didn't know any spells.

Dungeon Overview and Level Annotations

Branches:
Dungeon (9/15)             Temple (1/1) D:4
   Lair: D:8-11         Orc: D:9-12

Altars:
Ashenzari
Dithmenos
Fedhas
Gozag
Hepliaklqana
Kikubaaqudgha
Makhleb
Nemelex Xobeh
Okawaru
Qazlal
Ru
Sif Muna
Trog
Uskayaw
Vehumet
Wu Jian
Xom
Yredelemnul
Zin
The Shining One

Annotations:
D:8 KamiKatze's ghost, novice DECj


Innate Abilities, Weirdness & Mutations

You do not eat or drink.
Your flesh is vulnerable to fire.
You are immune to poison.
Your flesh is cold resistant. (rC+)
You are immune to negative energy. (rN+++)
You are immune to unholy pain and torment.
You can survive without breathing.


Message History

You climb downwards.
There is a stone staircase leading up here.
The cyan ugly thing barely misses you.
Found a stone staircase leading up.
The cyan ugly thing headbutts you. The cyan ugly thing shocks you!
The cyan ugly thing headbutts you. The cyan ugly thing shocks you!
* * * LOW HITPOINT WARNING * * *
The cyan ugly thing barely misses you. The cyan ugly thing headbutts you!
* * * LOW HITPOINT WARNING * * *
The cyan ugly thing shocks you!
* * * LOW HITPOINT WARNING * * *
There is a stone staircase leading up here.
As you read the scroll labeled UROAQUPHOIBO, it crumbles to dust.
This is a scroll of acquirement! [a] Weapon [b] Armour [c] Jewellery [d] Book [e] Staff [f] Evocable [h] Gold What kind of item would you like to acquire? (\ to view known items)
Something appears at your feet! The cyan ugly thing headbutts you.
You die...

.........##########
..# .........#####
##.....
.............#
.......
.............#
.......
###..........#
.......
...........###
....... .)[).......#
##.......
...........#####....#
..[............u@...#
................$...#
..####..............#
..# #......##...##.#
..# #.......#...+ ..#
..# #...........# ..#
..# #...........# ..#
..####.........###
..# ...........##..#
..# ###


You could see a cyan ugly thing.

Vanquished Creatures
  A hippogriff (D:7)
  Sigmund (D:8)
  A wyvern (D:8)
  A hungry ghost (D:7)
  The ghost of pod the Shield-Bearer, an amateur GrFi (D:4)
  A water moccasin (D:7)
  2 ice beasts
  An eye of draining (D:9)
  4 black bears
  3 sky beasts
  2 ogres
  2 phantoms (D:5)
  3 centaurs
  5 bullfrogs
  A scorpion (D:7)
  2 howler monkeys (D:9)
  6 crimson imps
  A bullfrog zombie (D:8)
  3 jellies
  7 orc wizards
  An orc priest (D:6)
  A gnoll shaman (D:7)
  4 iguanas
  Terence (D:1)
  Jessica (D:2)
  5 worker ants
  A statue (D:4)
  A hound zombie (D:8)
  A mummy (D:4)
  2 worker ant zombies
  6 gnolls
  8 adders
  2 shadow imps
  3 adder skeletons
  2 worms
  5 leopard geckos
  15 orcs
  3 giant cockroaches
  10 goblins
  7 hobgoblins
  3 quokkas
  A ball python (D:6)
  3 bats
  2 frilled lizards
  A jackal skeleton (D:6)
  6 kobolds (D:1)
  A quokka skeleton (D:5)
  4 rats
148 creatures vanquished.

Notes
Turn   | Place    | Note
-------+----------+-------------------------------------------
     0 | D:1      | Fascinator the Mummy Fighter began the quest for the Orb.
     0 | D:1      | Reached XP level 1. HP: 18/18 MP: 1/1
   358 | D:1      | Reached XP level 2. HP: 24/24 MP: 2/2
   915 | D:2      | Reached XP level 3. HP: 22/29 MP: 3/3
  1033 | D:2      | Noticed Terence
  1119 | D:1      | Killed Terence
  1119 | D:1      | Reached XP level 4. HP: 13/35 MP: 4/4
  1340 | D:2      | Noticed Jessica
  1354 | D:2      | Killed Jessica
  1400 | D:2      | Reached XP level 5. HP: 37/41 MP: 5/5
  2225 | D:3      | Found a shadowy altar of Dithmenos.
  2343 | D:3      | Found a deep blue altar of Sif Muna.
  2619 | D:4      | Noticed pod's ghost (amateur GrFi)
  2623 | D:4      | Reached skill level 4 in Fighting
  2821 | D:4      | Killed pod's ghost
  2821 | D:4      | Reached XP level 6. HP: 4/48 MP: 6/6
  3079 | D:4      | Found a radiant altar of Vehumet.
  3136 | D:4      | Found a staircase to the Ecumenical Temple.
  3483 | Temple   | Entered the Ecumenical Temple
  3541 | Temple   | Became a worshipper of Warmaster Okawaru
  3824 | D:4      | Found a hazy altar of Hepliaklqana.
  4197 | D:5      | Entered Level 5 of the Dungeon
  4453 | D:5      | Reached XP level 7. HP: 53/55 MP: 7/7
  4480 | D:5      | Reached * piety under Okawaru
  4785 | D:5      | Reached skill level 5 in Fighting
  5513 | D:6      | Reached XP level 8. HP: 52/62 MP: 8/8
  6234 | D:7      | Identified the Handbook of Warped Cold
  6472 | D:7      | Reached skill level 5 in Shields
  6745 | D:7      | Reached ** piety under Okawaru
  6745 | D:7      | Reached skill level 6 in Fighting
  6745 | D:7      | Reached skill level 5 in Armour
  6817 | D:7      | Noticed a hippogriff
  6845 | D:7      | Killed a hippogriff
  6845 | D:7      | Reached skill level 5 in Axes
  6881 | D:7      | Reached XP level 9. HP: 47/71 MP: 9/9
  7290 | D:8      | Noticed Sigmund
  7314 | D:8      | Killed Sigmund
  7314 | D:8      | Reached *** piety under Okawaru
  7356 | D:8      | Reached skill level 7 in Fighting
  7462 | D:8      | Noticed KamiKatze's ghost (novice DECj)
  7814 | D:8      | Found a stormy altar of Qazlal.
  7820 | D:8      | Found a glowing golden altar of the Shining One.
  7832 | D:8      | Found a shimmering altar of Xom.
  8302 | D:9      | Reached **** piety under Okawaru
  8375 | D:9      | Found an ornate altar of the Wu Jian Council.
  8463 | D:9      | Reached XP level 10. HP: 78/80 MP: 4/10
  8608 | D:9      | Noticed a cyan ugly thing
  8695 | D:9      | HP: 1/80 [cyan ugly thing (13)]
  8697 | D:9      | Identified a scroll of acquirement
  8697 | D:9      | Slain by a cyan ugly thing

Skill      XL: |  1  2  3  4  5  6  7  8  9 |
---------------+----------------------------+-----
Axes           | 2 3 4 5 6 |  6.3
Shields        | 3 4 5 6 |  6.5
Armour         | 3 4 5 6 |  6.4
Fighting       | 4 5 6 7 |  7.7
Dodging        | |  0.2

Action                   |  1- 3 |  4- 6 |  7- 9 | 10-12 || total
-------------------------+-------+-------+-------+-------++-------
Melee: War axe           |   103 |   262 |   545 |     2 ||   912
  Use: Scroll            |       |       |     4 |     1 ||     5
Armor: Scale mail        |    15 |       |       |       ||    15
       Ring mail         |    37 |       |       |       ||    37
       Chain mail        |       |   135 |   340 |     1 ||   476
Dodge: Dodged            |    41 |    52 |   145 |     2 ||   240
Block: Shield            |    67 |   116 |   330 |     2 ||   515
